 Dungeon Crawl Stone Soup version 0.26-a0-1205-g4083c211ab (webtiles) character file.

Game seed: 14037643990497521673

30 CurlyBrace the Sneak (level 3, -2/17 HPs)
             Began as a Felid Delver on Dec 29, 2020.
             Slain by a scorpion (9 damage)
             ... on level 4 of the Dungeon.
             The game lasted 00:00:52 (58 turns).

CurlyBrace the Sneak (Felid Delver)                   Turns: 58, Time: 00:00:52

Health: -2/17      AC:  1    Str:  8    XL:     3   Next: 3%
Magic:  4/4        EV: 18    Int: 12    God:
Gold:   0          SH:  0    Dex: 17    Spells: 2/2 levels left
                                        Lives:  0   Deaths: 0

rFire    . . .     SeeInvis +     - Unarmed
rCold    . . .     Faith    .   (shield unavailable)
rNeg     . . .     Spirit   .   (armour unavailable)
rPois    .         Reflect  .   (helmet unavailable)
rElec    .         Harm     .   (cloak unavailable)
rCorr    .         Rampage  .   (gloves unavailable)
Will     .....                  (boots unavailable)
Stlth    ++++......             (no amulet)
HPRegen  0.05/turn              (no ring)
MPRegen  0.09/turn              (no ring)

@: lethally poisoned (-2 -> -13), berserk cooldown, slowed, slow
A: very small, no armour, no weapons or thrown items, stealth, claws 1, fangs 3,
see invisible, speed 1, shaggy fur 1, sharp paws
a: no special abilities


You were on level 4 of the Dungeon.
You visited 1 branch of the dungeon, and saw 3 of its levels.

Inventory:

Wands
 d - a wand of enslavement (13)
   (You found it on level 6 of the Dungeon)
 v - a wand of digging (3)
Scrolls
 a - a scroll of fog
 c - a scroll of fear
Potions
 h - a potion of haste


   Skills:
 * Level 3.0 Fighting
 + Level 3.0 Dodging
 - Level 7.0 Stealth
 * Level 3.0 Unarmed Combat


You had 2 spell levels left.
You didn't know any spells.
Your spell library was empty.

Dungeon Overview and Level Annotations

Branches:
Dungeon (6/15)
 Temple: D:4-7

Altars:


Innate Abilities, Weirdness & Mutations

You cannot wear armour.
You are incapable of wielding weapons or throwing items.
Your paws allow you to move quietly. (Stealth)
You have sharp claws.
You have razor-sharp teeth.
You have supernaturally acute eyesight. (SInv)
You cover ground quickly.
You are covered in fur. (AC +1)
Your sharp claws are effective at attacking unaware monsters.


Message History

You are no longer berserk.
You are exhausted.
You feel yourself slow down.
A scorpion comes into view.
The scorpion completely misses you.
You closely miss the scorpion. The scorpion stings you.
You claw the scorpion!
You bite the scorpion, but do no damage.
The scorpion is heavily wounded.
The scorpion barely misses you. The scorpion misses you.
You claw the scorpion!
The scorpion is almost dead.
The scorpion stings you.
You are lethally poisoned!
The scorpion poisons you!
You barely miss the scorpion.
The scorpion is almost dead.
You feel sick. The scorpion misses you. The scorpion stings you!
Ouch! That really hurt!
You die...

#.# #.# #.# #.#
#.# #.# #s# #@#
#.###########.#
#.....>.......#
###############


You could see a scorpion.

Vanquished Creatures
  A hound (D:6)
1 creature vanquished.

Vanquished Creatures (others)
  8 toadstools (D:5)
8 creatures vanquished.

Grand Total: 9 creatures vanquished

Notes
Turn   | Place    | Note
-------+----------+-------------------------------------------
     0 | D:5      | CurlyBrace the Felid Delver began the quest for the Orb.
     0 | D:5      | Reached XP level 1. HP: 10/10 MP: 2/2
     1 | D:6      | Noticed a hound
     4 | D:6      | Killed a hound
     5 | D:6      | Reached skill level 7 in Stealth
     5 | D:6      | Reached XP level 2. HP: 14/14 MP: 3/3
     5 | D:6      | Reached XP level 3. HP: 17/17 MP: 4/4
    52 | D:4      | Noticed a scorpion
    58 | D:4      | Slain by a scorpion

Illustrated notes

Levels and vault maps discovered:
D:4:      layout_loops_ring, marbit_many_paths,
          minmay_temple_entry_proselytizer, dk_vineyard_1
D:5:      cheibrodos_fertilizer, layout_loops_ring, serial_shops, shop,
          st_stairs_7, kennysheep_path_1, uniq_ijyb
D:6:      layout_rooms, uniq_pikel

Skill      XL: |  1 |
---------------+----+-----
Dodging        | 3 |  3.0
Stealth        | 7 |  7.0
Unarmed Combat | 3 |  3.0
Fighting       | |  3.0

Action                   || total
-------------------------++-------
Melee: Unarmed           ||     5
       Bite              ||     1
  Use: Scroll            ||     2
       Potion            ||     2
 Stab: Sleeping          ||     1
Dodge: Dodged            ||     4

Table legend: (Time is in decaauts)
 A = Elapsed time spent in this place.
 B = Non-inter-level travel time spent in this place.
 C = Inter-level travel time spent in this place.
 D = Time resting spent in this place.
 E = Time spent auto-exploring this place.
 F = Levels seen in this place.
 G = Mean time per level.
                   A        B        C        D        E       F      G
               +--------+--------+--------+--------+--------+-----+--------+
         Total |     51 |     51 |      0 |      0 |      0 |   3 |   17.0 |
       Dungeon |     51 |     51 |      0 |      0 |      0 |   3 |   17.0 |
               +--------+--------+--------+--------+--------+-----+--------+

Top non-repeatable levels by time:
     D:6: 30 daAuts
     D:4: 15 daAuts
     D:5: 5 daAuts
